 Dungeon Crawl Stone Soup version 0.21-a0-361-g4efd3f9 (webtiles) character file.

170 Hasart the Chiller (level 5, -1/31 HPs)
             Began as an Octopode Ice Elementalist on Oct 14, 2017.
             Slain by a bullfrog (8 damage)
             ... on level 4 of the Dungeon.
             The game lasted 00:06:23 (4075 turns).

Hasart the Chiller (Octopode Ice Elementalist)      Turns: 4075, Time: 00:06:23

Health: -1/31      AC:  1    Str:  7    XL:     5   Next: 51%
Magic:  7/9        EV: 13    Int: 18    God:
Gold:   84         SH:  0    Dex: 13    Spells: 2/10 levels left

rFire    . . .     SeeInvis .   x - +0 spear
rCold    . . .     Gourm    .   (no shield)
rNeg     . . .     Faith    .   (helmet restricted)
rPois    .         Spirit   .   (no amulet)
rElec    .         Reflect  .   (no ring)
rCorr    .         Harm     .   (no ring)
MR       .....                  (no ring)
Stlth    +++.......             (no ring)
HPRegen  0.10/turn              (no ring)
MPRegen  0.11/turn              (no ring)
                                (no ring)
                                (no ring)

@: no status effects
A: almost no armour, stealthy swim, amphibious, 8 rings, constrict 8, camouflage
1, gelatinous body 1
a: no special abilities


You were on level 4 of the Dungeon.
You were very hungry.

You visited 1 branch of the dungeon, and saw 4 of its levels.
You also visited: Ossuary.

You collected 84 gold pieces.

Inventory:

Hand Weapons
 x - a +0 spear (weapon)
Armour
 v - a +0 buckler
Jewellery
 r - a +2 ring of evasion {unknown}
Scrolls
 d - 3 scrolls of teleportation {unknown}
 f - 2 scrolls of fear {unknown}
 g - 5 scrolls of identify {unknown}
 h - a scroll of remove curse {unknown}
 i - a scroll of enchant armour {unknown}
 l - 2 scrolls of enchant weapon {unknown}
 o - a scroll of magic mapping {unknown}
 w - a scroll of amnesia {unknown}
Potions
 e - 4 potions of curing {unknown}
 j - a potion of lignification {unknown}
 k - a potion of mutation {unknown}
 n - a potion of flight {unknown}
 p - a potion of invisibility {unknown}
 s - a potion of cancellation {unknown}
Books
 a - a book of Frost

   Spells                             Type                      Level
   a - Freeze                         Ice                          1
   b - Throw Frost                    Conjuration/Ice              2
   c - Ozocubu's Armour               Charms/Ice                   3
   d - Throw Icicle                   Conjuration/Ice              4
   e - Summon Ice Beast               Ice/Summoning                4
 q - a book of Cantrips

   Spells                             Type                      Level
   a - Confusing Touch                Hexes                        1
   b - Animate Skeleton               Necromancy                   1
   c - Summon Small Mammal            Summoning                    1
   d - Apportation                    Translocation                1
 t - a book of Changes

   Spells                             Type                      Level
   a - Beastly Appendage              Transmutation                1
   b - Sticks to Snakes               Transmutation                2
   c - Spider Form                    Transmutation/Poison         3
   d - Ice Form                       Ice/Transmutation            4
   e - Blade Hands                    Transmutation                5
Comestibles
 b - a bread ration
 c - 2 royal jellies
 m - 4 meat rations


   Skills:
 - Level 2.0 Dodging
 - Level 2.6 Stealth
 + Level 0.8 Shields
 + Level 3.2 Spellcasting
 - Level 1.0 Conjurations
 * Level 5.1 Ice Magic


You had 2 spell levels left.
You knew the following spells:

 Your Spells              Type           Power        Failure   Level  Hunger
a - Freeze                Ice            ###.         1%          1    None
b - Throw Icicle          Conj/Ice       ##......     41%         4    ####...
c - Ozocubu's Armour      Chrm/Ice       ##......     17%         3    ###....


Dungeon Overview and Level Annotations

Branches:
Dungeon (4/15)
 Temple: D:4-7

Altars:


Innate Abilities, Weirdness & Mutations

You cannot wear most types of armour.
You are very stealthy in the water. (Stealth+)
You are amphibious.
You can wear up to eight rings at the same time.
You can use your tentacles to constrict eight enemies at once.
Your skin changes colour to match your surroundings (Stealth+).
Your rubbery body absorbs attacks. (AC +1, EV +1)


Message History

A bullfrog comes into view.
A bullfrog is nearby!
Casting: Freeze
Confirm with . or Enter, or press ? or * to list all spells.
Aiming: Freeze
Press: ? - help, Shift-Dir - straight line, f - bullfrog
Aim: a bullfrog You freeze the bullfrog.
The bullfrog seems to slow down.
The bullfrog is lightly wounded.
The sentinel's mark upon you fades away.
The bullfrog closely misses you.
Casting: Freeze
Confirm with . or Enter, or press ? or * to list all spells.
Aiming: Freeze
Press: ? - help, Shift-Dir - straight line, f/p - bullfrog
Aim: a bullfrog (lightly wounded, slow)
You freeze the bullfrog.
The bullfrog is heavily wounded.
The bullfrog hits you!
You die...

..#.#+# #.#.#.#
####.#.#.# .####......#.#
...........#..
.#+#......#.#
#.#....#.#.#
###.###..#.#.#
+...@F'..#...#######) ..
###.###..#...........
.... #.#....#...#.......
#...#'#...##..>#.##....
#.........##.#.#.# ...
...........###.#.#.##....
..########## #.#.#.##....
#####.#.#.##....
#.....#.#.#.....


You could see a bullfrog.

Vanquished Creatures
  Terence (D:2)
  2 big kobold zombies (Ossuary)
  3 adders
  3 worms (D:2)
  A dart slug (D:1)
  2 leopard geckos
  An orc (D:3)
  7 hobgoblins
  4 jackals (D:1)
  2 kobolds (D:1)
  2 quokkas
  9 bats
  7 frilled lizards
  8 goblins
  10 hobgoblin zombies (Ossuary)
  A jackal zombie (Ossuary)
  7 kobold zombies (Ossuary)
  7 orc zombies (Ossuary)
  5 rats
82 creatures vanquished.

Notes
Turn   | Place    | Note
-------+----------+-------------------------------------------
     0 | D:1      | Hasart the Octopode Ice Elementalist began the quest for the Orb.
     0 | D:1      | Reached XP level 1. HP: 11/11 MP: 3/3
   152 | D:1      | Reached XP level 2. HP: 17/17 MP: 5/5
   931 | D:1      | Reached XP level 3. HP: 21/21 MP: 6/6
  1583 | D:2      | Reached skill level 4 in Ice Magic
  1907 | D:2      | Reached XP level 4. HP: 9/27 MP: 1/8
  1915 | D:2      | Learned a level 4 spell: Throw Icicle
  1919 | D:2      | Learned a level 3 spell: Ozocubu's Armour
  2177 | D:2      | Noticed Terence
  2191 | D:2      | Killed Terence
  2662 | D:3      | Found a faded altar of an unknown god.
  2958 | D:3      | Reached XP level 5. HP: 20/31 MP: 9/9
  3550 | D:4      | Found a sand-covered staircase.
  3569 | Ossuary  | Entered an ossuary
  3982 | Ossuary  | Reached skill level 5 in Ice Magic
  4075 | D:4      | Slain by a bullfrog

Vault maps used:
D:1:      wheals_arrival_linesprint, minivault_5, columned_hall_lemuel
D:2:      minmay_misc_feat_iff, kennysheep_nub, uniq_terence
D:3:      chequers_ecumenical_altar_simple_redux
D:4:      zin_scriptorium, nicolae_ossuary_entry_plus,
          minmay_hollow_rounded_squares, uniq_blork_the_orc, uniq_grinder,
          uniq_natasha, uniq_ijyb
Ossuary:  ossuary_tomb_1

Skill      XL: |  1  2  3  4  5 |
---------------+----------------+-----
Ice Magic      | 4 5 |  5.1
Spellcasting   | 3 |  3.2
Dodging        | |  2.0
Stealth        | |  2.6
Shields        | |  0.8
Conjurations   | |  1.0

Action                   |  1- 3 |  4- 6 || total
-------------------------+-------+-------++-------
Melee: Unarmed           |    65 |    56 ||   121
       Constrict         |    19 |    41 ||    60
       Tentacles         |     9 |    28 ||    37
       Spear             |       |    78 ||    78
 Cast: Freeze            |    34 |    12 ||    46
 Stab: Sleeping          |     7 |     5 ||    12
  Eat: Chunk             |     3 |     6 ||     9
Armor: Skin              |    19 |     5 ||    24
Dodge: Dodged            |    67 |    91 ||   158

Table legend:
 A = Spawn XP
 B = Non-spawn XP
 C = Spawn XP percentage of total XP
 D = Spawn monster count
 E = Non-spawn monster count
 F = Spawn count percentage of total count
 G = Total turns spent on level
                    A         B        C        D         E        F      G
               +---------+---------+-------+---------+---------+-------+---------
         Total |       0 |     244 |   0.0 |       0 |      82 |   0.0 |  4075
               +---------+---------+-------+---------+---------+-------+---------
           D:1 |       0 |      40 |   0.0 |       0 |      22 |   0.0 |  1498
           D:2 |       0 |      82 |   0.0 |       0 |      17 |   0.0 |   834
           D:3 |       0 |      47 |   0.0 |       0 |      15 |   0.0 |  1134
           D:4 |       0 |       3 |   0.0 |       0 |       1 |   0.0 |   113
       Ossuary |       0 |      72 |   0.0 |       0 |      27 |   0.0 |   496
               +---------+---------+-------+---------+---------+-------+---------
